 Dungeon Crawl Stone Soup version 0.32-a0-42-ga30500b4d3 (webtiles) character file.

Game seed: 5395327001951975111

15428 pokeman the Eclecticist (level 12, -6/68 HPs)
             Began as a Deep Elf Hedge Wizard on Jan 28, 2024.
             Was an Elder of Vehumet.
             Constricted to death by Jorgrun (12 damage)
             ... on level 12 of the Dungeon.
             The game lasted 00:30:16 (12565 turns).

pokeman the Eclecticist (Deep Elf Hedge Wizard)    Turns: 12565, Time: 00:30:16

Health: -6/68      AC:  8    Str:  8    XL:     12   Next: 1%
Magic:  31/34      EV:  9    Int: 25    God:    Vehumet [****..]
Gold:   965        SH:  0    Dex: 16    Spells: 22/43 levels left

rFire   . . .        b - +9 dagger "Killer Bee's Bane" {venom, rC+ rN++ Str-4 Dex+2}
rCold   + . .        (no shield)
rNeg    + + .        P - +1 leather armour of Duck's Teeth {Rampage Str+5}
rPois   .            f - +0 helmet
rElec   .            o - +1 cloak
rCorr   .            (no gloves)
SInv    +            (no boots)
Will    +....        r - amulet of the acrobat
Stlth   ++           m - ring of see invisible
HPRegen 0.31/turn    B - ring of flight
MPRegen 0.24/turn

%: acrobat, rampage
@: grasped by roots, spiked, flying, constricted
A: no striking features
a: Renounce Religion


You were on level 12 of the Dungeon.
You worshipped Vehumet.
Vehumet was greatly pleased with you.
You visited 1 branch of the dungeon, and saw 12 of its levels.
You also visited: Ossuary.

You collected 965 gold pieces.

Inventory:

Hand Weapons
 b - the +9 dagger "Killer Bee's Bane" (weapon) {venom, rC+ rN++ Str-4 Dex+2}
   (You took it off a gnoll on level 4 of the Dungeon)

   Str-4:     It affects your strength (-4).
   Dex+2:     It affects your dexterity (+2).
   rC+:       It protects you from cold.
   rN++:      It greatly protects you from negative energy.
 O - the +4 trident of Circularity {holy, rElec rF+}
   (You found it on level 9 of the Dungeon)

   rF+:       It protects you from fire.
   rElec:     It insulates you from electricity.
Missiles
 k - 5 throwing nets
Armour
 f - a +0 helmet (worn)
 o - a +1 cloak (worn)
 q - a +1 robe of fire resistance
 v - the +1 robe of Zushro {rElec rCorr Str-5}
   (You found it in an ossuary)

   Str-5:     It affects your strength (-5).
   rElec:     It insulates you from electricity.
   rCorr:     It protects you from acid and corrosion.
 N - a +0 leather armour of cold resistance
 P - the +1 leather armour of Duck's Teeth (worn) {Rampage Str+5}
   (You found it on level 10 of the Dungeon)

   Str+5:     It affects your strength (+5).
   Rampage:   It bestows one free step when moving towards enemies.
Jewellery
 g - the amulet of Gabimn {Rampage rElec Will- Regen+ Str-3}
   (You found it on level 2 of the Dungeon)

   [amulet of regeneration]

   Str-3:     It affects your strength (-3).
   rElec:     It insulates you from electricity.
   Will-:     It decreases your willpower.
   Regen+:    It increases your rate of health regeneration.
   Rampage:   It bestows one free step when moving towards enemies.
 m - a ring of see invisible (left hand)
 r - an amulet of the acrobat (around neck)
 B - a ring of flight (right hand)
 T - a ring of fire
Wands
 z - a wand of roots (2)
 E - a wand of light (9)
 G - a wand of mindburst (3)
 L - a wand of digging (5)
Scrolls
 c - a scroll of torment {unknown}
 e - 5 scrolls of teleportation {unknown}
 h - a scroll of butterflies {unknown}
 i - a scroll of poison {unknown}
 j - 4 scrolls of fog {unknown}
 p - 6 scrolls of identify {unknown}
 s - a scroll of immolation {unknown}
 t - 4 scrolls of fear {unknown}
 y - a scroll of acquirement {unknown}
 A - 4 scrolls of revelation {unknown}
 C - a scroll of enchant weapon {unknown}
 D - 2 scrolls of vulnerability {unknown}
 F - a scroll of enchant armour {unknown}
 I - 2 scrolls of blinking {unknown}
 K - a scroll of brand weapon {unknown}
 Q - a scroll of amnesia {unknown}
 S - a scroll of noise {unknown}
Potions
 a - 2 potions of lignification {unknown}
 d - a potion of magic
 l - 4 potions of enlightenment {unknown}
 n - 6 potions of curing
 u - 2 potions of degeneration {unknown}
 w - 2 potions of haste {unknown}
 x - 3 potions of brilliance {unknown}
 H - 2 potions of might {unknown}
 J - a potion of resistance {unknown}
 M - a potion of attraction {unknown}
 R - a potion of heal wounds {unknown}


   Skills:
 - Level 5.0 Fighting
 + Level 5.0 Armour
 - Level 3.1 Dodging
 - Level 3.2 Stealth
 * Level 16.0 Spellcasting
 + Level 9.5 Conjurations
 - Level 1.1 Summonings
 - Level 5.0 Necromancy
 - Level 1.1 Translocations
 + Level 8.1 Fire Magic
 - Level 1.1 Air Magic
 - Level 2.1 Earth Magic
 - Level 1.0 Alchemy
 - Level 1.2 Evocations


You had 22 spell levels left.
You knew the following spells:

 Your Spells              Type           Power      Damage    Failure   Level
a - Magic Dart            Conj           100%       1d8       1%          1
b - Mephitic Cloud        Conj/Alch/Air  39%        N/A       1%          3
c - Call Imp              Summ           50%        N/A       3%          2
d - Blink                 Tloc           50%        N/A       3%          2
e - Foxfire               Conj/Fire      100%       2x1d9     1%          1
f - Dispel Undead         Necr           45%        3d17      4%          4
g - Stone Arrow           Conj/Erth      98%        3d13      1%          3
h - Iskenderun's Battles  Conj           61%        2d11      1%          5

Your spell library contained the following spells:

 Spells                   Type           Power      Damage    Failure   Level
 Yara's Violent Unravell  Hex/Alch       11%        3d6       21%         5
 Kiss of Death            Conj/Necr      100%       2d13      1%          1
 Sting                    Conj/Alch      100%       1d9       1%          1
 Cigotuvi's Dreadful Rot  Necr/Alch/Air  64%        N/A       1%          2
 Mercury Vapours          Alch/Air       50%        N/A       1%          2
 Fugue of the Fallen      Necr           45%        N/A       1%          3
 Slow                     Hex            80%        N/A       3%          1
 Passwall                 Erth           30%        N/A       4%          3
 Ensorcelled Hibernation  Hex/Ice        40%        N/A       5%          2
 Gell's Gravitas          Tloc           25%        N/A       7%          3
 Swiftness                Air            26%        N/A       7%          3
 Teleport Other           Tloc           25%        N/A       7%          3
 Olgreb's Toxic Radiance  Alch           25%        N/A       7%          4
 Confusing Touch          Hex            20%        N/A       11%         3
 Ozocubu's Armour         Ice            20%        N/A       11%         3
 Bombard                  Conj/Erth      24%        9d5       13%         6
 Manifold Assault         Tloc           25%        N/A       22%         4
 Spellforged Servitor     Conj/Summ      23%        N/A       63%         7
 Dispersal                Tloc           12%        N/A       98%         6


Dungeon Overview and Level Annotations

Branches:
Dungeon (12/15)            Temple (0/1) D:4            Lair (0/5) D:9
    Orc (0/2) D:10        Ossuary (visited)

Altars:
Ashenzari
Dithmenos
Fedhas
Hepliaklqana
Kikubaaqudgha
Okawaru
Ru
Sif Muna
Vehumet
Wu Jian
Yredelemnul
The Shining One

Annotations:
D:8 3 runed translucent doors, gebbletook2's ghost, novice OpSh
D:9 1 runed translucent door, knightboat's ghost, novice TrDe
D:11 exclusion: orange crystal statue
D:12 Jorgrun


Message History

Press: ? - help, Shift-Dir - straight line, f/p - gnoll sergeant
Aim: a gnoll sergeant, wielding a +1 heavy spear and wearing a +0 ring mail (noxious fumes, moderately wounded, confused, constricted by roots, 100% to hit)
The bolt of light hits the slime creature!
The slime creature is moderately wounded.
The bolt of light hits the gnoll sergeant.
The gnoll sergeant is heavily wounded.
The gnoll sergeant is blinded.
The grasping roots constrict the manticore.
The grasping roots constrict the gnoll sergeant.
The roots release their grip on the manticore.
The roots release their grip on the gnoll sergeant.
Jorgrun is engulfed in noxious fumes.
The manticore is engulfed in noxious fumes.
The manticore appears confused.
The gnoll sergeant is engulfed in noxious fumes.
The slime creature hits you but does no damage.
Aiming: Fastroot
Press: ? - help, Shift-Dir - straight line, f/p - gnoll sergeant
Aim: a gnoll sergeant, wielding a +1 heavy spear and wearing a +0 ring mail (noxious fumes, heavily wounded, confused, blind, unable to see you)
The roots erupt in riotous growth!
Roots grab the manticore.
The slime creature is unaffected.
The large slime creature is unaffected.
You feel ready to blink again.
The grasping roots constrict the manticore.
Jorgrun seems less confused.
Jorgrun gestures at you while chanting.
Roots burst forth from the earth!
The grasping roots grab you! The grasping roots constrict you!
* * * LOW HITPOINT WARNING * * *
A large slime creature splits.
The gnoll sergeant is engulfed in noxious fumes.
The gnoll sergeant appears confused.
The slime creature hits you but does no damage.
Unknown command.
You feel better.
The grasping roots constrict the manticore!
The roots release their grip on the manticore.
The grasping roots constrict you!
You die...

### #.# ... #.#
##.######.
######.........#####
..).............##.#
)..#.@##.##...##.#
g.####.#JH##.##...##.#
........eJJ..<#...##.#
.g....$.○gg........#.#
....g....§....#...##.##
......................#
....>...#.###.##..##.##
...#.#..#.# #.##..##.#
.. #.#..#.###.##...#.#


You could see Jorgrun, 3 slime creatures, a manticore (confused), a deep elf
pyromancer, a gnoll sergeant (confused, blind, unable to see you) and a gnoll.

Vanquished Creatures
  Snorg (D:11)
  Harold (D:11)
  3 two-headed ogres
  Urug (D:11)
  Lodul (D:11)
  Pikel (D:5)
  A cyclops (D:11)
  An elephant (D:9)
  Joseph (D:8)
  A gargoyle (D:11)
  An unseen horror (D:11)
  3 trolls
  2 hornets
  2 slime creatures (D:12)
  Sigmund (D:4)
  A vampire (D:11)
  A shadow (D:9)
  4 wyverns
  2 wraiths
  A basilisk (D:9)
  15 yaks
  A steam dragon (D:10)
  2 vampire mosquitoes (D:11)
  3 water moccasins
  2 black bears
  2 ice beasts
  4 orc warriors
  10 ogres
  An elf zombie (Ossuary)
  2 kobold brigands
  4 bullfrogs
  A scorpion (D:4)
  3 killer bees (D:8)
  An electric eel (D:7)
  3 howler monkeys
  4 human zombies (Ossuary)
  3 hounds (D:5)
  3 orc priests
  A gnoll bouda (D:7)
  3 iguanas
  4 scorpion zombies (D:6)
  2 sleepcaps (D:6)
  10 orc wizards
  5 hound zombies (Ossuary)
  2 mummies (Ossuary)
  18 gnolls
  2 howler monkey skeletons (D:6)
  8 adders
  4 ufetubi
  7 adder zombies (Ossuary)
  2 ribbon worms (D:2)
  20 orcs
  5 ball pythons
  3 bats
  8 endoplasms
  3 giant cockroaches
  2 gnoll zombies (Ossuary)
  15 goblins
  9 hobgoblins
  4 jackals (D:2)
  9 kobolds
  5 quokkas
  A frilled lizard (D:2)
  7 jackal zombies (Ossuary)
  6 kobold zombies (Ossuary)
  4 orc zombies (Ossuary)
  8 rats
  A foxfire (D:9)
272 creatures vanquished.

Vanquished Creatures (collateral kills)
  A hobgoblin (D:4)
  2 foxfires
3 creatures vanquished.

Vanquished Creatures (others)
  853 foxfires
853 creatures vanquished.

Grand Total: 1128 creatures vanquished

Notes
Turn   | Place    | Note
-------+----------+-------------------------------------------
     0 | D:1      | pokeman the Deep Elf Hedge Wizard began the quest for the
                  | Orb.
     0 | D:1      | Reached XP level 1. HP: 10/10 MP: 7/7
     3 | D:1      | Noticed an electric eel
     4 | D:1      | Noticed an electric eel
   278 | D:1      | Reached XP level 2. HP: 16/16 MP: 6/9
  1024 | D:1      | Reached skill level 5 in Spellcasting
  1155 | D:2      | Reached XP level 3. HP: 15/20 MP: 5/11
  1159 | D:2      | Learned a level 3 spell: Mephitic Cloud
  1162 | D:2      | Learned a level 2 spell: Call Imp
  1165 | D:2      | Learned a level 2 spell: Blink
  1348 | D:2      | Identified the amulet of Gabimn {Rampage rElec Will- Regen+
                  | Str-3}
  1466 | D:2      | Reached skill level 1 in Fighting
  1466 | D:2      | Reached skill level 1 in Armour
  1474 | D:2      | Reached XP level 4. HP: 22/25 MP: 4/13
  2196 | D:2      | Reached skill level 6 in Spellcasting
  2398 | D:3      | Reached XP level 5. HP: 29/29 MP: 13/15
  2708 | D:3      | Found a radiant altar of Vehumet.
  2710 | D:3      | You fall into a shaft and drop 1 floor!
  2719 | D:4      | Noticed Sigmund
  2747 | D:4      | Killed Sigmund
  2748 | D:4      | Reached XP level 6. HP: 11/35 MP: 4/17
  2751 | D:4      | Reached skill level 7 in Spellcasting
  2930 | D:3      | Became a worshipper of Vehumet
  3356 | D:4      | Noticed a wyvern
  3361 | D:4      | Found a staircase to the Ecumenical Temple.
  3365 | D:4      | Killed a wyvern
  3366 | D:4      | Reached XP level 7. HP: 32/40 MP: 15/20
  3519 | D:4      | Identified the +9 dagger "Killer Bee's Bane" {venom, rC+
                  | rN++ Str-4 Dex+2}
  3610 | D:4      | Reached skill level 8 in Spellcasting
  3610 | D:4      | Reached skill level 1 in Alchemy
  3624 | D:4      | Reached skill level 1 in Air Magic
  3816 | D:4      | Found a sacrificial altar of Ru.
  3822 | D:4      | Learned a level 4 spell: Dispel Undead
  4112 | D:5      | Entered Level 5 of the Dungeon
  4138 | D:5      | Reached * piety under Vehumet
  4138 | D:5      | Offered knowledge of Foxfire by Vehumet.
  4139 | D:5      | Reached skill level 1 in Necromancy
  4141 | D:5      | Learned a level 1 spell: Foxfire
  4202 | D:5      | Found a shimmering blue altar of Sif Muna.
  4302 | D:5      | Noticed Pikel
  4311 | D:5      | Killed Pikel
  4312 | D:5      | Reached skill level 9 in Spellcasting
  4312 | D:5      | Reached skill level 1 in Fire Magic
  4312 | D:5      | Reached XP level 8. HP: 44/44 MP: 15/23
  4451 | D:5      | Reached skill level 5 in Conjurations
  4730 | D:6      | Found a glowing golden altar of the Shining One.
  4804 | D:6      | Reached skill level 10 in Spellcasting
  5228 | D:6      | Found a sand-covered staircase.
  5237 | D:6      | Reached XP level 9. HP: 44/49 MP: 17/25
  5249 | Ossuary  | Entered an ossuary
  5375 | Ossuary  | Offered knowledge of Momentum Strike by Vehumet.
  5452 | Ossuary  | Reached ** piety under Vehumet
  5612 | Ossuary  | Offered knowledge of Inner Flame by Vehumet.
  5814 | Ossuary  | Identified the +1 robe of Zushro {rElec rCorr Str-5}
  6299 | D:6      | Found an ornate altar of the Wu Jian Council.
  6299 | D:6      | Found an ancient bone altar of Kikubaaqudgha.
  6451 | D:7      | Reached skill level 11 in Spellcasting
  6904 | D:7      | Reached *** piety under Vehumet
  7172 | D:7      | Found a basalt altar of Yredelemnul.
  7357 | D:7      | Found a broken altar of Ashenzari.
  7360 | D:7      | Found a hazy altar of Hepliaklqana.
  7363 | D:7      | Found a blossoming altar of Fedhas.
  7414 | D:8      | Noticed a two-headed ogre
  7417 | D:8      | Noticed gebbletook2's ghost (novice OpSh)
  7419 | D:8      | Noticed an arcanist
  7447 | D:8      | Noticed Joseph
  7708 | D:8      | Reached skill level 5 in Necromancy
  7741 | D:8      | Found a runed translucent gate.
  7741 | D:8      | Found a runed translucent gate.
  7741 | D:8      | Found a runed translucent gate.
  7859 | D:8      | Killed Joseph
  7860 | D:8      | Reached skill level 12 in Spellcasting
  7860 | D:8      | Reached skill level 1 in Evocations
  7988 | D:8      | Reached XP level 10. HP: 42/56 MP: 19/28
  8422 | D:9      | Noticed knightboat's ghost (novice TrDe)
  8422 | D:9      | Found a runed translucent door.
  8498 | D:9      | Offered knowledge of Stone Arrow by Vehumet.
  8499 | D:9      | Reached skill level 5 in Fire Magic
  8555 | D:9      | Learned a level 3 spell: Stone Arrow
  8697 | D:9      | Found an iron altar of Okawaru.
  8838 | D:9      | Found a shadowy altar of Dithmenos.
  8916 | D:9      | Found a staircase to the Lair.
  8916 | D:9      | Noticed an elephant
  8925 | D:9      | Reached skill level 13 in Spellcasting
  8966 | D:9      | Killed an elephant
  8967 | D:9      | Reached skill level 1 in Earth Magic
  9194 | D:9      | Noticed a two-headed ogre
  9217 | D:9      | Killed a two-headed ogre
  9296 | D:9      | Reached skill level 5 in Fighting
  9447 | D:9      | Identified the +4 trident of Circularity {holy, rElec rF+}
  9772 | D:10     | Entered Level 10 of the Dungeon
  9835 | D:10     | Identified the +1 leather armour of Duck's Teeth {Rampage
                  | Str+5}
 10071 | D:10     | Found a staircase to the Orcish Mines.
 10234 | D:10     | Noticed a two-headed ogre
 10248 | D:10     | Killed a two-headed ogre
 10249 | D:10     | Reached skill level 14 in Spellcasting
 10249 | D:10     | Reached XP level 11. HP: 63/63 MP: 14/31
 10955 | D:11     | Noticed an orange crystal statue
 10972 | D:11     | Reached **** piety under Vehumet
 11032 | D:11     | Noticed Lodul
 11043 | D:11     | Killed Lodul
 11043 | D:11     | Noticed Harold
 11044 | D:11     | Offered knowledge of Yara's Violent Unravelling by Vehumet.
 11221 | D:11     | Killed Harold
 11222 | D:11     | Reached skill level 15 in Spellcasting
 11625 | D:11     | Noticed Urug
 11634 | D:11     | Killed Urug
 11852 | D:11     | Noticed a two-headed ogre
 11867 | D:11     | Killed a two-headed ogre
 12255 | D:11     | Noticed Snorg
 12264 | D:11     | Killed Snorg
 12265 | D:11     | Reached skill level 5 in Armour
 12379 | D:11     | Learned a level 5 spell: Iskenderun's Battlesphere
 12493 | D:12     | Reached skill level 16 in Spellcasting
 12531 | D:12     | Reached XP level 12. HP: 68/68 MP: 30/34
 12547 | D:12     | Noticed Jorgrun
 12559 | D:12     | HP: 3/68 [Jorgrun/+0 heavy quarterstaff (29)]
 12564 | D:12     | HP: 1/68 [constriction (14)]
 12565 | D:12     | Constricted to death by Jorgrun

Illustrated notes

Levels and vault maps discovered:
D:1:      arrival_aquarium_b, layout_basic, palyth_stone_intersect
D:2:      layout_loops_cross
D:3:      minmay_angry_zag, layout_basic, lemuel_tele_altar,
          corexii_corridor_pit, corexii_corridor_pit
D:4:      layout_rooms, general_overflow_altar, minmay_temple_entry_tees,
          feat_on_display, uniq_sigmund
D:5:      layout_cave_pools, hellmonk_sif_muna_bookshelves,
          kennysheep_generic_room_10, uniq_pikel
D:6:      layout_basic, mainiacjoe_overflow_chevrons,
          gammafunk_temple_overflow_wave, mainiacjoe_ossuary_entry_find_the_door
D:7:      layout_loops_ring, mainiacjoe_overflow_alcove_2,
          grunt_temple_overflow_diamond, fountainhead, lightli_minifort
D:8:      layout_basic, gammafunk_ghost_split, uniq_joseph
D:9:      layout_basic, mainiacjoe_overflow_catwalk, grunt_dithmenos_shadows,
          david_lair_generic, gammafunk_ghost_grave
D:10:     layout_gridville, orc_0_dummy
D:11:     layout_small_grid, minmay_gold_behind_fungi, minmay_statue_bubble,
          uniq_snorg, uniq_lodul, uniq_harold, uniq_urug
D:12:     layout_basic, uniq_nergalle, uniq_jorgrun, uniq_nessos

Skill      XL: |  1  2  3  4  5  6  7  8  9 10 11 |
---------------+----------------------------------+-----
Spellcasting   | 5 6 7 9 10 12 14 16 | 16.0
Fighting       | 1 2 4 5 |  5.0
Armour         | 1 2 3 5 |  5.0
Conjurations   | 2 3 4 5 6 8 9 |  9.5
Dodging        | 3 |  3.1
Stealth        | 3 |  3.2
Alchemy        | 1 |  1.0
Air Magic      | 1 |  1.1
Necromancy     | 2 3 5 |  5.0
Fire Magic     | 1 3 4 6 8 |  8.1
Evocations     | 1 |  1.2
Earth Magic    | 2 |  2.1
Summonings     | |  1.1
Translocations | |  1.1

Action                     |  1- 3 |  4- 6 |  7- 9 | 10-12 || total
---------------------------+-------+-------+-------+-------++-------
  Melee: Dagger            |    20 |    32 |    88 |    63 ||   203
         Punch             |       |     1 |       |     4 ||     5
   Cast: Magic Dart        |    79 |    99 |    56 |       ||   234
         Mephitic Cloud    |     1 |     5 |    14 |    27 ||    47
         Blink             |       |     1 |     2 |     6 ||     9
         Call Imp          |       |     1 |       |       ||     1
         Foxfire           |       |       |   257 |   215 ||   472
         Dispel Undead     |       |       |       |     5 ||     5
         Stone Arrow       |       |       |       |    40 ||    40
  Evoke: Wand              |       |       |       |     3 ||     3
    Use: Potion            |       |       |       |     2 ||     2
   Stab: Distracted        |     1 |       |       |       ||     1
         Confused          |       |     3 |     4 |     9 ||    16
         Sleeping          |       |       |     1 |       ||     1
 Armour: Robe              |    20 |    24 |    75 |    21 ||   140
         Leather armour    |       |       |       |    45 ||    45
  Dodge: Dodged            |    26 |    17 |    91 |    43 ||   177

Table legend: (Time is in decaauts)
 A = Elapsed time spent in this place.
 B = Non-inter-level travel time spent in this place.
 C = Inter-level travel time spent in this place.
 D = Time resting spent in this place.
 E = Time spent auto-exploring this place.
 F = Levels seen in this place.
 G = Mean time per level.
                   A        B        C        D        E       F      G
               +--------+--------+--------+--------+--------+-----+--------+
         Total |  12570 |  12350 |    220 |    381 |   9673 |  13 |  966.9 |
       Dungeon |  11950 |  11730 |    220 |    381 |   9272 |  12 |  995.8 |
       Ossuary |    619 |    619 |      0 |      0 |    401 |   1 |  619.0 |
               +--------+--------+--------+--------+--------+-----+--------+

Top non-repeatable levels by time:
    D:11: 1410 daAuts
     D:9: 1350 daAuts
     D:2: 1267 daAuts
    D:10: 1256 daAuts
     D:1: 1112 daAuts
     D:6: 1100 daAuts
     D:7: 1072 daAuts
     D:4: 922 daAuts
     D:8: 915 daAuts
     D:3: 808 daAuts
 Ossuary: 619 daAuts
     D:5: 600 daAuts
    D:12: 132 daAuts
